TOP OF THE 1ST |
Lancaster JetHawks batting - Pitching for High Desert Mavericks : LHP Danny Ayala
|
Pitching: LHP Danny Ayala
|
|
Batting: RHB Akiho Sato
|
0-0: Ball 1-0: Called Strike 1-1: Called Strike 1-2: Fly out, F7 (Flyball, 7LM, EV 96.9 MPH)
|
Batting: RHB Billy Mejia
|
0-0: Ball 1-0: Swinging Strike 1-1: Foul Ball, location: 9LSF 1-2: Strikes out swinging
|
Batting: RHB Jamari Owens
|
0-0: Foul Ball, location: 9LSF 0-1: Called Strike 0-2: SINGLE (Line Drive, 6MD, EV 110.6 MPH)
|
Batting: RHB Alex Ruiz
|
0-0: Ball 1-0: Called Strike 1-1: Ball 2-1: Fly out, F7 (Flyball, 7D, EV 98.1 MPH)
|
Top of the 1st over - 0 runs, 1 hit, 0 errors, 1 left on base; Lancaster 0 - High Desert 0 |
BOTTOM OF THE 1ST |
High Desert Mavericks batting - Pitching for Lancaster JetHawks : RHP Josh Chambers
|
Pitching: RHP Josh Chambers
|
|
Batting: LHB Bill Medina
|
0-0: Ball 1-0: Fly out, F9 (Line Drive, 9, EV 91.9 MPH)
|
Batting: RHB An-yi Sha
|
0-0: Ground out 5-3 (Groundball, 15, EV 89.4 MPH)
|
Batting: RHB Joey Brooks
|
0-0: Ball 1-0: Ball 2-0: Ball 3-0: Base on Balls
|
Batting: LHB C.J. Clanahan
|
0-0: Foul Ball, location: 2F 0-1: Swinging Strike 0-2: Ball 1-2: Ball 2-2: Fielders Choice at 2nd, U6 (Groundball, 6M, EV 106.3 MPH)
|
Bottom of the 1st over - 0 runs, 0 hits, 0 errors, 1 left on base; Lancaster 0 - High Desert 0 |
TOP OF THE 2ND |
Lancaster JetHawks batting - Pitching for High Desert Mavericks : LHP Danny Ayala
|
Batting: RHB Tadasu Onuma
|
0-0: Ball 1-0: Foul Ball, location: 9LDF 1-1: Ball 2-1: Swinging Strike 2-2: Strikes out looking
|
Batting: LHB Cody McHargue
|
0-0: Ball 1-0: Ball 2-0: Ball 3-0: Base on Balls
|
Batting: RHB Hirotada Ishikawa
|
0-0: Called Strike 0-1: Ball 1-1: Swinging Strike 1-2: SINGLE (Groundball, 4MD, EV 107.5 MPH) Cody McHargue to second
|
Batting: RHB Casimir Lewczak
|
0-0: Called Strike 0-1: Grounds into double play, U5-3 (Groundball, 5L, EV 87.5 MPH)
|
Top of the 2nd over - 0 runs, 1 hit, 0 errors, 1 left on base; Lancaster 0 - High Desert 0 |
BOTTOM OF THE 2ND |
High Desert Mavericks batting - Pitching for Lancaster JetHawks : RHP Josh Chambers
|
Batting: SHB Tony Navarro
|
0-0: Ball 1-0: Ball 2-0: Ball 3-0: Base on Balls
|
Batting: RHB Jim Unknown
|
0-0: Called Strike 0-1: Bunted foul 0-2: Ball 1-2: Fly out, F9 (Flyball, 9D, EV 102.5 MPH)
|
Batting: RHB Jim Unknown
|
0-0: Foul Ball, location: 9LMFF 0-1: Ball Wild Pitch! Tony Navarro to second 1-1: Foul Ball, location: 3FF 1-2: Strikes out looking
|
Batting: LHB Miguel Montes
|
0-0: Swinging Strike 0-1: Fly out, F3 (Popup, 3F, EV 71.9 MPH)
|
Bottom of the 2nd over - 0 runs, 0 hits, 0 errors, 1 left on base; Lancaster 0 - High Desert 0 |
TOP OF THE 3RD |
Lancaster JetHawks batting - Pitching for High Desert Mavericks : LHP Danny Ayala
|
Batting: LHB Dave Romero
|
0-0: Fly out, F8 (Flyball, 78M, EV 86.9 MPH)
|
Batting: RHB Akiho Sato
|
0-0: Ball 1-0: Ball 2-0: Called Strike 2-1: Foul Ball, location: 2F 2-2: Foul Ball, location: 3FF 2-2: Strikes out swinging
|
Batting: RHB Billy Mejia
|
0-0: Ball 1-0: Called Strike 1-1: Fly out, F8 (Flyball, 8RM, EV 89.4 MPH)
|
Top of the 3rd over - 0 runs, 0 hits, 0 errors, 0 left on base; Lancaster 0 - High Desert 0 |
BOTTOM OF THE 3RD |
High Desert Mavericks batting - Pitching for Lancaster JetHawks : RHP Josh Chambers
|
Batting: LHB Jim Unknown
|
0-0: Called Strike 0-1: Ball 1-1: Foul Ball, location: 2F 1-2: Ball 2-2: Strikes out swinging
|
Batting: LHB Bill Medina
|
0-0: Ground out 4-3 (Groundball, 4, EV 97.5 MPH)
|
Batting: RHB An-yi Sha
|
0-0: Ball 1-0: Foul Ball, location: 9LDF 1-1: Foul Ball, location: 9LSF 1-2: Foul Ball, location: 2F 1-2: Ball 2-2: Foul Ball, location: 2F 2-2: Foul Ball, location: 2F 2-2: Fly out, F4 (Popup, 4MD, EV 63.8 MPH)
|
Bottom of the 3rd over - 0 runs, 0 hits, 0 errors, 0 left on base; Lancaster 0 - High Desert 0 |
TOP OF THE 4TH |
Lancaster JetHawks batting - Pitching for High Desert Mavericks : LHP Danny Ayala
|
Batting: RHB Jamari Owens
|
0-0: Called Strike 0-1: Ball 1-1: Foul Ball, location: 5F 1-2: Strikes out looking
|
Batting: RHB Alex Ruiz
|
0-0: Ball 1-0: Swinging Strike 1-1: Ball 2-1: Ground out 4-3 (Groundball, 4S, EV 87.5 MPH)
|
Batting: RHB Tadasu Onuma
|
0-0: Ground out 5-3 (Groundball, 56S, EV 90.0 MPH)
|
Top of the 4th over - 0 runs, 0 hits, 0 errors, 0 left on base; Lancaster 0 - High Desert 0 |
BOTTOM OF THE 4TH |
High Desert Mavericks batting - Pitching for Lancaster JetHawks : RHP Josh Chambers
|
Batting: RHB Joey Brooks
|
0-0: Ground out 6-3 (Groundball, 6, EV 102.5 MPH)
|
Batting: LHB C.J. Clanahan
|
0-0: Fly out, F8 (Line Drive, 8LM, EV 103.1 MPH)
|
Batting: SHB Tony Navarro
|
0-0: Fly out, F2 (Popup, 25F, EV 87.5 MPH)
|
Bottom of the 4th over - 0 runs, 0 hits, 0 errors, 0 left on base; Lancaster 0 - High Desert 0 |
TOP OF THE 5TH |
Lancaster JetHawks batting - Pitching for High Desert Mavericks : LHP Danny Ayala
|
Batting: LHB Cody McHargue
|
0-0: Swinging Strike 0-1: Ball 1-1: Ground out 6-3 (Groundball, 6, EV 101.3 MPH)
|
Batting: RHB Hirotada Ishikawa
|
0-0: Ball 1-0: DOUBLE (Line Drive, 78M, EV 90.0 MPH)
|
Batting: RHB Casimir Lewczak
|
0-0: Swinging Strike 0-1: Called Strike 0-2: SINGLE (Line Drive, 4MD, EV 94.4 MPH) Hirotada Ishikawa to third
|
Batting: LHB Dave Romero
|
0-0: Ball 1-0: Ball 2-0: Ball 3-0: Base on Balls Casimir Lewczak to second
|
Batting: RHB Akiho Sato
|
0-0: Called Strike 0-1: Called Strike 0-2: Grounds into double play, 6-2-3 (Groundball, 6, EV 83.8 MPH)
|
Top of the 5th over - 0 runs, 2 hits, 0 errors, 2 left on base; Lancaster 0 - High Desert 0 |
BOTTOM OF THE 5TH |
High Desert Mavericks batting - Pitching for Lancaster JetHawks : RHP Josh Chambers
|
Batting: RHB Jim Unknown
|
0-0: SINGLE (Line Drive, 4MD, EV 110.0 MPH)
|
Batting: RHB Jim Unknown
|
0-0: Ball 1-0: Ground out 5-3 (Groundball, 5, EV 87.5 MPH) Jim Unknown to second
|
Batting: LHB Miguel Montes
|
0-0: SINGLE (Line Drive, 9S, EV 104.4 MPH) Jim Unknown to third
|
Batting: LHB Jim Unknown
|
0-0: Fly out, F9 (Flyball, 89M, EV 79.4 MPH) Runner from 3rd tags up, SCORES, throw by RF
|
Batting: LHB Bill Medina
|
0-0: Ground out 4-3 (Groundball, 34D, EV 80.0 MPH)
|
Bottom of the 5th over - 1 run, 2 hits, 0 errors, 1 left on base; Lancaster 0 - High Desert 1 |
TOP OF THE 6TH |
Lancaster JetHawks batting - Pitching for High Desert Mavericks : LHP Danny Ayala
|
Batting: RHB Billy Mejia
|
0-0: Called Strike 0-1: Ball 1-1: Ball 2-1: Swinging Strike 2-2: Ball 3-2: Strikes out swinging
|
Batting: RHB Jamari Owens
|
0-0: Reached on error, E6 (Groundball, 56, EV 103.1 MPH)
|
Batting: RHB Alex Ruiz
|
0-0: Ball 1-0: Ball 2-0: Ball 3-0: Called Strike 3-1: Base on Balls Jamari Owens to second
|
Batting: RHB Tadasu Onuma
|
0-0: Ball 1-0: Ball 2-0: Ball 3-0: Base on Balls Jamari Owens to third Alex Ruiz to second
|
Batting: LHB Cody McHargue
|
0-0: Ball 1-0: Ball 2-0: Ball 3-0: Base on Balls Jamari Owens scores Alex Ruiz to third Tadasu Onuma to second
|
Batting: RHB Hirotada Ishikawa
|
0-0: Called Strike 0-1: Foul Ball, location: 2F 0-2: Foul Ball, location: 2F 0-2: Ball 1-2: Strikes out swinging
|
Batting: RHB Casimir Lewczak
|
0-0: Called Strike 0-1: Swinging Strike 0-2: Ball 1-2: Strikes out looking
|
Top of the 6th over - 1 run, 0 hits, 1 error, 3 left on base; Lancaster 1 - High Desert 1 |
BOTTOM OF THE 6TH |
High Desert Mavericks batting - Pitching for Lancaster JetHawks : RHP Josh Chambers
|
Batting: RHB An-yi Sha
|
0-0: SINGLE (Groundball, 4MD, EV 103.1 MPH)
|
Batting: RHB Joey Brooks
|
0-0: Called Strike 0-1: Ground out 5-3 (Groundball, 56S, EV 68.1 MPH) An-yi Sha to second
|
Batting: LHB C.J. Clanahan
|
0-0: Ball 1-0: SINGLE (Line Drive, 4MD, EV 93.8 MPH) An-yi Sha to third
|
Batting: SHB Tony Navarro
|
0-0: Ball 1-0: Ball 2-0: Ball 3-0: Base on Balls C.J. Clanahan to second
|
Batting: RHB Jim Unknown
|
0-0: Called Strike 0-1: Ball 1-1: DOUBLE (Flyball, 89D, EV 101.3 MPH) An-yi Sha scores C.J. Clanahan scores Tony Navarro to third
|
Batting: RHB Jim Unknown
|
0-0: Ball 1-0: SINGLE (Line Drive, 7LS, EV 86.3 MPH) Tony Navarro scores Jim Unknown to third
|
Batting: LHB Miguel Montes
|
0-0: Ball 1-0: Ball 2-0: Ball 3-0: Called Strike 3-1: Fly out, F7 (Flyball, 78S, EV 88.1 MPH)
|
Batting: LHB Jim Unknown
|
0-0: Foul Ball, location: 7LDF 0-1: Ball 1-1: Foul Ball, location: 2F 1-2: Ball 2-2: Ball 3-2: Base on Balls Jim Unknown to second
|
Batting: LHB Bill Medina
|
0-0: Called Strike 0-1: Ball 1-1: SINGLE (Line Drive, 89M, EV 97.5 MPH) Jim Unknown scores Jim Unknown to third Jim Unknown to second Runner from 3rd tries for Home, SAFE, throw by RF to home
|
Pitching: RHP Bang-xao Yee
|
|
Batting: RHB An-yi Sha
|
0-0: Swinging Strike 0-1: Ground out 1-3 (Groundball, 15, EV 66.9 MPH)
|
Bottom of the 6th over - 5 runs, 5 hits, 0 errors, 2 left on base; Lancaster 1 - High Desert 6 |
TOP OF THE 7TH |
Lancaster JetHawks batting - Pitching for High Desert Mavericks : LHP Danny Ayala
|
Batting: LHB Dave Romero
|
0-0: Foul Ball, location: 9LDF 0-1: SOLO HOME RUN (Flyball, 7LD, EV 90.0 MPH), Distance : 340 ft
|
Batting: RHB Akiho Sato
|
0-0: Ball 1-0: Ball 2-0: SINGLE (Groundball, 4D, EV 104.4 MPH)
|
Pitching: RHP Ernesto Leos
|
|
Batting: RHB Billy Mejia
|
0-0: Ball 1-0: Called Strike 1-1: Foul Ball, location: 3FF 1-2: Ball 2-2: Strikes out swinging
|
Batting: RHB Jamari Owens
|
0-0: Called Strike 0-1: Fly out, F8 (Flyball, 8RD, EV 103.1 MPH)
|
Batting: RHB Alex Ruiz
|
0-0: Ball Akiho Sato is caught stealing 2nd base 2-4
|
Top of the 7th over - 1 run, 2 hits, 0 errors, 0 left on base; Lancaster 2 - High Desert 6 |
BOTTOM OF THE 7TH |
High Desert Mavericks batting - Pitching for Lancaster JetHawks : RHP Bang-xao Yee
|
Batting: RHB Joey Brooks
|
0-0: Foul Ball, location: 2F 0-1: Ball 1-1: Ball 2-1: Called Strike 2-2: Ground out 6-3 (Groundball, 6MS, EV 80.0 MPH)
|
Batting: LHB C.J. Clanahan
|
0-0: Ball 1-0: Called Strike 1-1: Fly out, F9 (Flyball, 9LMF, EV 79.4 MPH)
|
Batting: SHB Tony Navarro
|
0-0: Ball 1-0: Called Strike 1-1: Foul Ball, location: 3DF 1-2: Ground out U3 (Groundball, 3, EV 96.9 MPH)
|
Bottom of the 7th over - 0 runs, 0 hits, 0 errors, 0 left on base; Lancaster 2 - High Desert 6 |
TOP OF THE 8TH |
Lancaster JetHawks batting - Pitching for High Desert Mavericks : RHP Ernesto Leos
|
Batting: RHB Alex Ruiz
|
0-0: Ball 1-0: Ball 2-0: Ball 3-0: Base on Balls
|
Batting: RHB Tadasu Onuma
|
0-0: Ball 1-0: Foul Ball, location: 9LDF 1-1: Called Strike 1-2: Strikes out looking
|
Batting: LHB Cody McHargue
|
0-0: Ball Passed Ball! Alex Ruiz to second 1-0: Ball 2-0: Foul Ball, location: 5F 2-1: Fly out, F3 (Line Drive, 3L, EV 71.3 MPH)
|
Batting: RHB Hirotada Ishikawa
|
0-0: Ball 1-0: Ball 2-0: SINGLE (Groundball, 6MS, EV 71.3 MPH) (infield hit) Alex Ruiz to third
|
Batting: RHB Casimir Lewczak
|
0-0: Ball 1-0: Foul Ball, location: 23F 1-1: Reached on error, E6 (Groundball, 6, EV 105.0 MPH) Alex Ruiz scores Hirotada Ishikawa to second
|
Batting: LHB Dave Romero
|
0-0: Foul Ball, location: 7LSF 0-1: Foul Ball, location: 7LSF 0-2: Ball 1-2: Foul Ball, location: 7LSF 1-2: Strikes out swinging
|
Top of the 8th over - 1 run, 1 hit, 1 error, 2 left on base; Lancaster 3 - High Desert 6 |
BOTTOM OF THE 8TH |
High Desert Mavericks batting - Pitching for Lancaster JetHawks : RHP Bang-xao Yee
|
Batting: RHB Jim Unknown
|
0-0: Ball 1-0: Ball 2-0: Called Strike 2-1: SINGLE (Line Drive, 78M, EV 86.9 MPH)
|
Batting: RHB Jim Unknown
|
0-0: Ball 1-0: Swinging Strike 1-1: Fly out, F9 (Flyball, 9D, EV 98.8 MPH)
|
Batting: LHB Miguel Montes
|
0-0: Fly out, F8 (Flyball, 8LS, EV 96.3 MPH)
|
Batting: LHB Jim Unknown
|
0-0: Fly out, F7 (Line Drive, 7, EV 98.8 MPH)
|
Bottom of the 8th over - 0 runs, 1 hit, 0 errors, 1 left on base; Lancaster 3 - High Desert 6 |
TOP OF THE 9TH |
Lancaster JetHawks batting - Pitching for High Desert Mavericks : RHP Ernesto Leos
|
Pitching: RHP Josh Young
|
|
Batting: RHB Akiho Sato
|
0-0: Swinging Strike 0-1: Foul Ball, location: 3SF 0-2: Ball 1-2: Ball 2-2: Strikes out swinging
|
Batting: RHB Billy Mejia
|
0-0: Ball 1-0: Called Strike 1-1: Swinging Strike 1-2: Foul Ball, location: 2F 1-2: Strikes out swinging
|
Batting: RHB Jamari Owens
|
0-0: Called Strike 0-1: Called Strike 0-2: DOUBLE (Line Drive, 78D, EV 106.3 MPH)
|
Batting: RHB Alex Ruiz
|
0-0: Ball 1-0: Ball 2-0: Foul Ball, location: 2F 2-1: Called Strike 2-2: Ball 3-2: Foul Ball, location: 2F 3-2: Base on Balls
|
Batting: RHB Tadasu Onuma
|
0-0: Called Strike 0-1: Foul Ball, location: 23FF 0-2: Strikes out swinging
|
Top of the 9th over - 0 runs, 1 hit, 0 errors, 2 left on base; Lancaster 3 - High Desert 6 |
|